 Dungeon Crawl Stone Soup version 0.29-a0-791-ga0f254aafb (webtiles) character file.

Game seed: 10111727352103225431

231 Malachi the Chiller (level 6, -2/44 HPs)
             Began as a Gnoll Ice Elementalist on July 3, 2022.
             Slain by Crazy Yiuf
             ... wielding a +3 quarterstaff of chaos
              (11 damage)
             ... on level 2 of the Dungeon.
             The game lasted 00:02:42 (2621 turns).

Malachi the Chiller (Gnoll Ice Elementalist)        Turns: 2621, Time: 00:02:43

Health: -2/44      AC:  2    Str:  7    XL:     6   Next: 3%
Magic:  13/13      EV: 13    Int: 16    God:
Gold:   149        SH:  0    Dex: 13    Spells: 8/15 levels left

rFire   . . .      SeeInvis .   k - +2 scythe (protect)
rCold   . . .      Faith    .   (shield currently unavailable)
rNeg    . . .      Spirit   .   a - +0 robe
rPois   .          Reflect  .   (no helmet)
rElec   .          Harm     .   (no cloak)
rCorr   .          Rampage  .   (no gloves)
Will    +....                   (no boots)
Stlth   +++.......              (no amulet)
HPRegen 0.14/turn               d - ring of willpower
MPRegen 0.13/turn               f - ring of wizardry

@: lethally poisoned (-2 -> -14)
A: fangs 1, strong nose, distributed training
a: no special abilities


You were on level 2 of the Dungeon.
You visited 1 branch of the dungeon, and saw 2 of its levels.

You collected 149 gold pieces.

Inventory:

Hand Weapons
 k - a +2 scythe of protection (weapon)
Armour
 a - a +0 robe (worn)
Jewellery
 d - a ring of willpower (left hand)
 f - a ring of wizardry (right hand)
Scrolls
 c - 2 scrolls of vulnerability {unknown}
 e - a scroll of magic mapping {unknown}
 i - 2 scrolls of blinking {unknown}
 l - a scroll of teleportation {unknown}
Potions
 b - a potion of magic
 g - a potion of attraction {unknown}
 h - a potion of flight {unknown}
 j - a potion of invisibility {unknown}
 m - a potion of curing {unknown}


   Skills:
 + Level 1.8 Fighting
 + Level 1.8 Short Blades
 + Level 1.8 Long Blades
 + Level 1.8 Axes
 + Level 1.8 Maces & Flails
 + Level 1.8 Polearms
 + Level 1.8 Staves
 + Level 1.8 Ranged Weapons
 + Level 1.8 Throwing
 + Level 1.8 Armour
 + Level 4.9 Dodging
 + Level 4.5 Stealth
 + Level 1.8 Shields
 + Level 1.8 Unarmed Combat
 + Level 5.3 Spellcasting
 + Level 1.4 Conjurations
 + Level 1.4 Hexes
 + Level 1.4 Summonings
 + Level 1.4 Necromancy
 + Level 1.4 Translocations
 + Level 1.4 Transmutations
 + Level 1.4 Fire Magic
 + Level 7.2 Ice Magic
 + Level 1.4 Air Magic
 + Level 1.4 Earth Magic
 + Level 1.4 Poison Magic
 + Level 2.0 Invocations
 + Level 1.8 Evocations


You had 8 spell levels left.
You knew the following spells:

 Your Spells              Type           Power      Damage    Failure   Level
a - Freeze                Ice            100%       1d11      1%          1
b - Frozen Ramparts       Ice            54%        1d7       1%          3
c - Ozocubu's Armour      Ice            27%        N/A       1%          3

Your spell library contained the following spells:

 Spells                   Type           Power      Damage    Failure   Level
 Hailstorm                Conj/Ice       18%        3d6       10%         4
 Ice Form                 Ice/Tmut       18%        N/A       10%         4
 Simulacrum               Ice/Necr       9%         N/A       80%         6


Dungeon Overview and Level Annotations

Branches:
Dungeon (2/15)

Altars:
Vehumet

Annotations:
D:2 Crazy Yiuf


Innate Abilities, Weirdness & Mutations

You have very sharp teeth.
Your uncanny sense of smell can sniff out nearby items.
Your experience applies equally to all skills.


Message History

Moving in this stuff is going to be slow.
You puncture the giant cockroach!
Your weapon exudes an aura of protection.
You kill the giant cockroach!
You enter the shallow water.
Moving in this stuff is going to be slow.
You reach to attack!
The helpless dart slug fails to defend itself.
You slash the dart slug!
Your weapon exudes an aura of protection.
You kill the dart slug!
No target in view!
No target in view!
i - 2 scrolls labelled GUHUOXOPAXT (gained 1)
There is a faded altar of an unknown god here.
You now have 149 gold pieces (gained 11).
There is a faded altar of an unknown god here.
You open the door.
There is an open door here.
Found a runed hammer.
Found a runed translucent door.
Crazy Yiuf screams, "Iron down head!"
Could not explore, unopened runed door.
You open the door. You barely miss Crazy Yiuf.
Crazy Yiuf whimpers, "Tonal!
Gnoll snockshim King."
Crazy Yiuf hits you with a +3 quarterstaff of chaos.
Crazy Yiuf hits you with a +3 quarterstaff of chaos!
Crazy Yiuf burns you.
You closely miss Crazy Yiuf.
Crazy Yiuf hits you with a +3 quarterstaff of chaos!
You are lethally poisoned!
You are too injured to fight recklessly!
You are too injured to fight recklessly!
You barely miss Crazy Yiuf. Your bite misses Crazy Yiuf.
* * * LOW HITPOINT WARNING * * *
You feel very sick. Crazy Yiuf closely misses you.
Crazy Yiuf waves his quarterstaff at you.
Crazy Yiuf hits you with a +3 quarterstaff of chaos!
You die...

#.#..#......# #.####
#.#....#############....#
#.#.#.......>........##.#
#.#....################.##
#......# #..# ###.#..#
♣♣♣♣♣###.# ####...#.# ###
♣♣♣.♣....#.# .........#
#...#♣..♣.......#
####...###
#...g@♣♣♣♣......# ##<##
#)..#♣♣ ♣♣....## #.# ###
♣♣#### #.# #.# #.# ###
##### #.# #.###.#.#
#.######.....#.#
#####...........##.#


You could see Crazy Yiuf.

Vanquished Creatures
  Sigmund (D:2)
  3 gnolls (D:2)
  A worm (D:2)
  5 dart slugs
  2 ball pythons (D:1)
  6 endoplasms
  A giant cockroach (D:2)
  5 goblins
  A hobgoblin (D:1)
  2 quokkas
  3 bats (D:1)
  3 frilled lizards
  3 kobolds
  3 rats (D:1)
39 creatures vanquished.

Notes
Turn   | Place    | Note
-------+----------+-------------------------------------------
     0 | D:1      | Malachi the Gnoll Ice Elementalist began the quest for the
                  | Orb.
     0 | D:1      | Reached XP level 1. HP: 13/13 MP: 6/6
   200 | D:1      | Reached XP level 2. HP: 18/19 MP: 1/7
   629 | D:1      | Reached skill level 5 in Spellcasting
   629 | D:1      | Reached XP level 3. HP: 22/25 MP: 4/9
   752 | D:1      | Reached skill level 1 in Invocations
  1445 | D:1      | Learned a level 3 spell: Frozen Ramparts
  1449 | D:1      | Learned a level 3 spell: Ozocubu's Armour
  1456 | D:2      | Reached skill level 1 in Fighting
  1456 | D:2      | Reached skill level 1 in Short Blades
  1456 | D:2      | Reached skill level 1 in Long Blades
  1456 | D:2      | Reached skill level 1 in Axes
  1456 | D:2      | Reached skill level 1 in Maces & Flails
  1456 | D:2      | Reached skill level 1 in Polearms
  1456 | D:2      | Reached skill level 1 in Staves
  1456 | D:2      | Reached skill level 1 in Ranged Weapons
  1456 | D:2      | Reached skill level 1 in Throwing
  1456 | D:2      | Reached skill level 1 in Armour
  1456 | D:2      | Reached skill level 1 in Shields
  1456 | D:2      | Reached skill level 1 in Unarmed Combat
  1456 | D:2      | Reached skill level 1 in Evocations
  1456 | D:2      | Reached XP level 4. HP: 6/32 MP: 0/11
  2095 | D:2      | Found a radiant altar of Vehumet.
  2112 | D:2      | Noticed Sigmund
  2121 | D:2      | Killed Sigmund
  2122 | D:2      | Reached skill level 1 in Conjurations
  2122 | D:2      | Reached skill level 1 in Hexes
  2122 | D:2      | Reached skill level 1 in Summonings
  2122 | D:2      | Reached skill level 1 in Necromancy
  2122 | D:2      | Reached skill level 1 in Translocations
  2122 | D:2      | Reached skill level 1 in Transmutations
  2122 | D:2      | Reached skill level 1 in Fire Magic
  2122 | D:2      | Reached skill level 1 in Air Magic
  2122 | D:2      | Reached skill level 1 in Earth Magic
  2122 | D:2      | Reached skill level 1 in Poison Magic
  2122 | D:2      | Reached XP level 5. HP: 38/38 MP: 3/12
  2211 | D:2      | Reached XP level 6. HP: 43/44 MP: 13/13
  2545 | D:2      | Found a faded altar of an unknown god.
  2614 | D:2      | Found a runed translucent door.
  2615 | D:2      | Noticed Crazy Yiuf
  2621 | D:2      | Slain by Crazy Yiuf

Illustrated notes

Levels and vault maps discovered:
D:1:      dpeg_arrival_circle_labyrinth_c, layout_rooms, minmay_tiny_reverse_x
D:2:      layout_loops_ring, shapermc_ecumenical_altar_notcrosses, basic_altar,
          uniq_sigmund, uniq_crazy_yiuf_cottage

Skill      XL: |  1  2  3  4 |
---------------+-------------+-----
Spellcasting   | 5 |  5.3
Invocations    | 1 2 |  2.0
Fighting       | 1 |  1.8
Short Blades   | 1 |  1.8
Long Blades    | 1 |  1.8
Axes           | 1 |  1.8
Maces & Flails | 1 |  1.8
Polearms       | 1 |  1.8
Staves         | 1 |  1.8
Ranged Weapons | 1 |  1.8
Throwing       | 1 |  1.8
Armour         | 1 |  1.8
Shields        | 1 |  1.8
Unarmed Combat | 1 |  1.8
Evocations     | 1 |  1.8
Conjurations   | 1 |  1.4
Hexes          | 1 |  1.4
Summonings     | 1 |  1.4
Necromancy     | 1 |  1.4
Translocations | 1 |  1.4
Transmutations | 1 |  1.4
Fire Magic     | 1 |  1.4
Air Magic      | 1 |  1.4
Earth Magic    | 1 |  1.4
Poison Magic   | 1 |  1.4
Dodging        | |  4.9
Stealth        | |  4.5
Ice Magic      | |  7.2

Action                   |  1- 3 |  4- 6 || total
-------------------------+-------+-------++-------
Melee: Unarmed           |     8 |       ||     8
       Short sword       |     8 |     4 ||    12
       Bite              |     1 |       ||     1
       Halberd           |       |    12 ||    12
 Cast: Freeze            |    40 |     8 ||    48
       Ozocubu's Armour  |     1 |     1 ||     2
       Frozen Ramparts   |     1 |     1 ||     2
 Stab: Distracted        |     1 |       ||     1
       Sleeping          |       |     3 ||     3
Armor: Robe              |     8 |     2 ||    10
Dodge: Dodged            |    37 |     8 ||    45

Table legend: (Time is in decaauts)
 A = Elapsed time spent in this place.
 B = Non-inter-level travel time spent in this place.
 C = Inter-level travel time spent in this place.
 D = Time resting spent in this place.
 E = Time spent auto-exploring this place.
 F = Levels seen in this place.
 G = Mean time per level.
                   A        B        C        D        E       F      G
               +--------+--------+--------+--------+--------+-----+--------+
         Total |   2627 |   2562 |     65 |    774 |   1454 |   2 | 1313.5 |
       Dungeon |   2627 |   2562 |     65 |    774 |   1454 |   2 | 1313.5 |
               +--------+--------+--------+--------+--------+-----+--------+

Top non-repeatable levels by time:
     D:1: 1677 daAuts
     D:2: 950 daAuts
